Description

This build aims at 16 stalkers & 16 adepts & 4 sentries, but you should build the best combination of units relying on the info gathered with an observer. A warp prism can be easily built whenever you want after the observer - you shouldn't have any problems with resources by that moment.

Generated with CarbonTwelve's Starcraft Fusion.

Build Order

Get SALT Encoding   

  13  0:02  Probe (Chrono Boost)  
  14  0:12  Probe (Chrono Boost)  
  14  0:17  Pylon  
  15  0:23  Probe (Chrono Boost)  
  16  0:35  Probe (Chrono Boost)  
  17  0:45  Probe (Chrono Boost), Assimilator  
  17  0:47  Gateway  
  18  0:56  Probe (Chrono Boost)  
  19  1:07  Action, Probe (Chrono Boost) (Move probes to gas)  
  20  1:18  Probe (Chrono Boost)  
  20  1:25  Nexus  
  20  1:36  Cybernetics Core  
  20  1:41  Assimilator  
  21  1:45  Probe (Chrono Boost)  
  21  1:51  Pylon  
  22  1:56  Probe (Chrono Boost)  
  22  2:03  Action (Move probes to gas)  
  23  2:06  Probe (Chrono Boost)  
  25  2:12  Adept, Warp Gate  
  27  2:17  Mothership Core (Chrono Boost)  
  29  2:36  Probe x2 (Chrono Boost)  
  29  2:38  Robotics Facility  
  31  2:47  Probe (Chrono Boost)  
  33  2:50  Stalker  
  35  2:57  Probe x2 (Chrono Boost)  
  35  3:04  Twilight Council  
  37  3:08  Probe x2 (Chrono Boost)  
  41  3:19  Probe (Chrono Boost), Stalker  
  43  3:29  Probe x2 (Chrono Boost)  
  44  3:31  Observer, Pylon  
  46  3:40  Probe x2 (Chrono Boost)  
  46  3:42  Resonating Glaives (Chrono Boost)  
  46  3:44  Gateway  
  48  3:51  Probe x2  
  48  3:56  Gateway  
  50  4:02  Probe x2, Assimilator  
  50  4:06  Gateway x2  
  51  4:12  Probe (Chrono Boost), Pylon  
  53  4:19  Probe  
  53  4:23  Gateway x2, Assimilator  
  55  4:31  Action, Probe x2 (Move probes to gas)  
  55  4:40  Nexus  
  57  4:44  Action, Probe x2 (Move probes to gas)  
  57  4:47  Action, Pylon (Convert 4 gateways to warp gates)  
  61  4:54  Adept, Stalker  
  61  4:57  Pylon  
  65  5:05  Sentry, Adept  
  65  5:10  Action, Blink (Chrono Boost) (Convert 2 gateways to warp gates)  
  73  5:17  Adept x2, Stalker, Sentry  
  77  5:28  Adept, Pylon, Sentry  
  85  5:40  Adept x3, Pylon x2, Sentry  
  89  5:52  Stalker x2  
  97  6:05  Adept x2, Stalker x2  
  103  6:15  Stalker x2, Warp Prism  
  111  6:28  Adept x3, Stalker  
  115  6:36  Stalker x2  
  125  6:52  Adept x2, Stalker x3  
Spawning Tool Build Advisor. Get it on Overwolf

Analysis

What a player must have by 07:00 is as follows.

Income: 1503M 456G

Buildings: 3 Nexus, 4 Assimilators, 10 Pylons, 6 Warp Gates, 1 Robotics Facility, 1 Cybernetics Core, 1 Twilight Council.

Units: 48 Probes, 16 Stalkers, 16 Adepts, 4 Sentries, 1 Warp Prism, 1 Observer, 1 Mothership Core.

Research: Warp Gate Transformation, Blink, Resonating Glaives (all are completed).

Go to:

Details

  • Created by: Turir
  • Published on: Jun 03, 2017
  • Modified on: Jun 03, 2017
  • Patch: 3.8.0
Show
View Real Time Build Order
Export as new Build Order

Comments (0)

There are no comments. Be the first!

Create an account to comment!